Map: Lerilak Crest

Players

HaKin - Winner!

  • Race: Terran Terran
  • League: Platinum

LilDicky

  • Race: Terran Terran
  • League: Diamond

VOD

http://www.twitch.tv/tumescentpie

Description

Time

  • Played on: Nov. 25, 2015, 7:22 p.m.
  • Length: 8:50
Show
View Real Time Build Order
Export as new Build Order

HaKin Terran - Winner!

Build Orders:  

Get SALT Encoding   

  12  0:00  SCV  
  13  0:12  SCV  
  14  0:18  Supply Depot  
  14  0:24  SCV  
  15  0:40  SCV  
  16  0:45  Barracks  
  16  0:47  Refinery  
  16  0:52  SCV  
  17  1:04  SCV  
  18  1:17  SCV  
  19  1:32  Orbital Command  
  19  1:34  Marine  
  20  1:50  Supply Depot  
  20  1:52  Marine  
  21  1:54  Factory  
  21  2:04  SCV  
  22  2:10  Marine  
  23  2:17  SCV  
  24  2:24  Command Center  
  24  2:28  Marine  
  24  2:29  SCV  
  26  2:39  Refinery  
  26  2:41  SCV  
  27  2:48  Factory Tech Lab  
  27  2:50  Barracks Reactor  
  27  2:53  SCV  
  28  3:05  Supply Depot, SCV  
  29  3:15  Supply Depot  
  32  3:27  Siege Tank  
  32  3:28  Marine x2  
  32  3:29  Starport  
  32  3:33  SCV  
  35  3:45  SCV, Engineering Bay  
  35  3:47  Marine x2  
  38  4:13  SCV  
  38  4:16  Terran Infantry Weapons Level 1  
  39  4:17  Orbital Command  
  39  4:22  Banshee, Cloaking Field  
  42  4:26  Marine x2  
  42  4:29  Factory Tech Lab  
  44  4:33  Barracks  
  44  4:35  Barracks  
  44  4:39  Missile Turret  
  44  4:45  SCV  
  44  4:46  SCV  
  46  4:54  Missile Turret  
  46  4:55  Marine x2  
  48  5:02  Missile Turret  
  48  5:03  Siege Tank  
  48  5:06  SCV  
  52  5:13  SCV  
  53  5:18  SCV  
  54  5:25  SCV, Barracks Tech Lab  
  55  5:28  Barracks Reactor  
  55  5:38  Supply Depot x2, Marine x2  
  55  5:40  Siege Tank  
  55  5:41  SCV x2  
  62  6:00  Stimpack  
  62  6:01  Marine x2  
  62  6:02  Marauder  
  62  6:03  SCV x2  
  68  6:09  Starport Reactor  
  68  6:10  Refinery  
  68  6:12  Supply Depot  
  68  6:13  Marine x2  
  68  6:15  SCV x2  
  72  6:26  Siege Tank  
  72  6:27  SCV  
  72  6:28  SCV  
  72  6:32  Marine  
  78  6:34  Marauder, Marine x3  
  84  6:40  SCV  
  81  6:50  Marine  
  81  6:51  Marine  
  83  6:56  Marauder  
  83  6:57  Marine x2  
  79  7:08  Marine  
  69  7:09  Marine  
  69  7:15  Marine x2  
  69  7:17  Marauder  
  73  7:26  Marine  
  73  7:27  Marine  
  67  7:33  Marine  
  67  7:36  Marine, Medivac x2  
  71  7:39  Marauder  
  71  7:43  Marine  
  74  7:45  Marine  
  74  7:46  Siege Tank  
  74  7:47  SCV x2, Barracks  
  74  7:51  Marine  
  81  7:55  Supply Depot  
  81  7:59  SCV x2  
  81  8:02  Marine x3  
  86  8:16  SCV x2  
  88  8:22  Marine x5  
  93  8:28  SCV  
Show
View Real Time Build Order
Export as new Build Order

LilDicky Terran 

Build Orders: Mech 

Get SALT Encoding   

  12  0:01  SCV  
  13  0:13  SCV  
  14  0:17  Supply Depot  
  14  0:25  SCV  
  15  0:39  SCV, Refinery  
  16  0:45  Barracks  
  16  0:51  SCV  
  17  1:03  SCV  
  18  1:16  SCV  
  19  1:28  SCV  
  20  1:34  Reaper  
  21  1:40  Orbital Command  
  21  1:44  Supply Depot  
  20  2:02  Command Center  
  20  2:06  Marine  
  21  2:13  SCV  
  22  2:19  Refinery  
  22  2:24  Marine  
  23  2:36  SCV  
  24  2:39  Factory  
  24  2:42  Supply Depot  
  23  2:48  SCV, Marine  
  25  3:00  SCV  
  26  3:07  Marine  
  26  3:12  SCV  
  28  3:22  Factory Tech Lab  
  28  3:24  SCV, Starport  
  28  3:27  Marine  
  30  3:36  SCV, Orbital Command  
  31  3:42  Cyclone  
  31  3:44  Marine  
  35  3:49  SCV  
  35  3:52  Engineering Bay  
  36  4:00  Starport Tech Lab  
  36  4:02  SCV  
  37  4:03  SCV  
  38  4:10  Marine  
  38  4:14  SCV  
  38  4:15  Cyclone  
  43  4:18  Banshee  
  43  4:20  Cloaking Field  
  46  4:26  Missile Turret  
  46  4:32  Missile Turret  
  46  4:33  SCV  
  46  4:34  SCV  
  48  4:50  SCV x2, Refinery, Marine  
  51  4:53  Cyclone  
  51  4:56  Refinery  
  54  5:00  Supply Depot  
  54  5:03  Supply Depot  
  54  5:19  SCV  
  54  5:20  Missile Turret  
  54  5:21  Banshee, SCV, Marine  
  59  5:33  SCV  
  57  5:39  Siege Tank, Marine  
  57  5:40  SCV  
  62  5:46  Missile Turret  
  61  5:53  SCV  
  61  5:55  SCV  
  62  6:03  Supply Depot  
  62  6:04  Command Center, Raven  
  64  6:11  Missile Turret  
  64  6:14  SCV  
  66  6:23  SCV  
  67  6:26  SCV  
  67  6:35  SCV  
  67  6:38  Supply Depot, SCV  
  69  6:52  Siege Tank  
  69  7:07  Raven  
  67  7:25  Siege Tank  
  55  7:44  Factory x2  
  55  7:50  Banshee  
  58  7:57  SCV, Siege Tank  
  59  8:01  Missile Turret  
  59  8:03  SCV  
  60  8:09  SCV  
  61  8:17  Supply Depot  
  61  8:19  Supply Depot, SCV  
  62  8:24  Command Center  
  62  8:31  Armory, Factory x2  
  62  8:32  Armory  
  62  8:37  Factory Tech Lab, Factory Reactor  
Tags
 
Add a new tag
Caveats
  • Supply blocks, unpowered buildings, or Contaminate may cause inaccurate times.
  • Supply counts are checked every 10 seconds.